AoeStats
← griffin

Black Forest

505302276Analyzed
1v1 RM · 23d ago on Sep 8, 2026· 39m 5s· 2 players
Game mode
Random Map
Map size
Tiny (2 player)
Population
200
Speed
Normal
Resources
Standard
Victory
Conquest
Starting age
Dark Age
Ending age
Imperial Age
RankedLock teamsTeams togetherTeam positionsShared explorationLock speedFull tech treeHidden civsTurbo modeCheats
Victory
Defeat
🇬🇧 Persians · United Kingdom
1194
+15
🇦🇷 Bulgarians · Argentina
1180
-15
OhRey
0:43 Loom
13:21 Feudal Age
14:57 Double-Bit Axe
17:21 Castle Age
15:39 Scale Mail Armor
16:20 Arson
17:25 Forging
18:26 Bow Saw
18:34 Gambesons
20:32 Wheelbarrow
20:19 Gold Mining
24:21 Hand Cart
24:46 Chain Mail Armor
25:37 Squires
27:06 Stone Mining
27:29 Horse Collar
28:33 Gold Shaft Mining
29:38 Iron Casting
30:04 Pikeman
34:17 Imperial Age
35:28 Conscription
34:39 Capped Ram
35:18 Halberdier
37:22 Plate Mail Armor
37:53 Blast Furnace
griffin
10:37 Feudal Age
14:35 Castle Age
13:25 Double-Bit Axe
17:19 Loom
19:11 Horse Collar
24:21 Heavy Plow
24:32 Bow Saw
24:14 Gold Mining
26:39 Wheelbarrow
26:46 Town Watch
29:38 Imperial Age
27:59 Bloodlines
27:50 Husbandry
28:01 Forging
27:56 Scale Barding Armor
28:43 Hand Cart
29:17 Gold Shaft Mining
29:49 Iron Casting
30:11 Chain Barding Armor
30:16 Conscription
30:26 Cavalier
32:19 Plate Barding Armor
31:49 Savar
34:33 Blast Furnace
34:09 Fletching
34:19 Padded Archer Armor
35:49 Two-Man Saw
34:39 Crossbowman
35:24 Kamandaran
35:34 Thumb Ring
36:19 Bodkin Arrow
36:39 Leather Archer Armor
37:29 Leather Archer Armor
36:41 Light Cavalry
38:15 Ballistics
Connection lost

Rejoining the realm…

Still unreachable

The connection could not be restored.

Session expired

The server has moved on; the page needs a fresh start.